 Dungeon Crawl Stone Soup version 0.26-a0-651-gb41185065b (webtiles) character file.

Game seed: 8498712073397856177

10988 lunkers the Frost Mage (level 11, -9/90 HPs)
             Began as a Demonspawn Ice Elementalist on Sept 30, 2020.
             Was an Initiate of Ru.
             Mangled by a minotaur
             ... wielding a +3 glaive of venom
              (31 damage)
             ... in a Gauntlet on Oct 1, 2020.
             The game lasted 00:26:28 (12422 turns).

lunkers the Frost Mage (DsIE)                      Turns: 12422, Time: 00:26:29

Health: -9/90      AC: 33    Str:  9    XL:     11   Next: 43%
Magic:  13/21      EV:  9    Int: 20    God:    Ru [......]
Gold:   804        SH:  9    Dex: 22    Spells: 13/24 levels left

rFire    + . .     SeeInvis +   a - +4 war axe
rCold    . . .     Faith    .   O - +2 kite shield {AC+3}
rNeg     . . .     Spirit   .   G - +2 leather armour {rPois}
rPois    +         Reflect  .   B - +2 helmet
rElec    .         Harm     .   D - +2 cloak
rCorr    .         Rampage  .   M - +0 pair of gloves {Dex+3}
MR       .....     NoTele   +   (no boots)
Stlth    ++........             s - amulet of regeneration
HPRegen  0.65/turn              w - ring of protection from fire
MPRegen  0.17/turn              P - ring of Spring {Dex+6 SInv}

@: lethally poisoned (-9 -> -13), icy armour, sanguine armour, frozen ramparts,
very slightly contaminated
A: demonic guardian 1, spiny 1, sanguine armour 3
a: Renounce Religion


You were in a Gauntlet.
You worshipped Ru.
Ru was noncommittal.
You visited 1 branch of the dungeon, and saw 11 of its levels.
You also visited: Gauntlet.

You collected 804 gold pieces.

Inventory:

Hand Weapons
 a - a +4 war axe (weapon)
 p - a +2 quarterstaff of chaos
 F - the +2 falchion of the Desert {vorpal, Fragile rElec rC- Int+10}
   (You took it off an orc on level 7 of the Dungeon)

   It inflicts extra damage upon your enemies.
   It affects your intelligence (+10).
   It makes you vulnerable to cold.
   It insulates you from electricity.
   It will be destroyed if unequipped.
Armour
 B - a +2 helmet (worn)
 D - a +2 cloak (worn)
 E - a +0 kite shield
 G - a +2 leather armour of poison resistance (worn)
 M - a +0 pair of gloves of dexterity (worn)
 O - a +2 kite shield of protection (worn)
Jewellery
 e - an uncursed ring of stealth
 s - an amulet of regeneration (around neck)
 u - an uncursed ring of poison resistance
 w - a ring of protection from fire (left hand)
 C - an uncursed ring of flight
 H - an uncursed amulet of the acrobat
 J - an uncursed amulet of reflection {unknown}
 K - a cursed amulet of inaccuracy {unknown}
 L - an uncursed amulet of magic regeneration {unknown}
 P - the ring of Spring (right hand) {Dex+6 SInv}
   (You found it in a Gauntlet)

   [ring of see invisible]

   It affects your dexterity (+6).
   It lets you see invisible.
Wands
 y - a wand of acid (12)
 I - a wand of polymorph (6)
Scrolls
 f - 5 scrolls of teleportation {unknown}
 g - 8 scrolls of remove curse
 h - a scroll of amnesia {unknown}
 j - 4 scrolls of identify
 k - a scroll of immolation {unknown}
 l - 2 scrolls of blinking {unknown}
 m - 3 scrolls of magic mapping {unknown}
 q - 2 scrolls of vulnerability {unknown}
 r - 7 scrolls of enchant armour {unknown}
 v - a scroll of random uselessness {unknown}
 x - a scroll of fog {unknown}
 z - a scroll of fear {unknown}
 A - a scroll of enchant weapon {unknown}
 N - a scroll of noise {unknown}
Potions
 b - 3 potions of curing
 c - a potion of might
 d - 5 potions of brilliance
 i - a potion of heal wounds
 n - 2 potions of stabbing
 o - 2 potions of magic
 t - 3 potions of flight


   Skills:
 - Level 10.0 Fighting
 * Level 7.5 Axes
 - Level 1.7 Dodging
 - Level 1.7 Stealth
 + Level 0.0 Shields
 - Level 7.0 Spellcasting
 - Level 3.0 Summonings
 - Level 10.0 Ice Magic


You had 13 spell levels left.
You knew the following spells:

 Your Spells              Type           Power        Failure   Level
b - Frozen Ramparts       Ice            #####.       4%          3
c - Ozocubu's Armour      Ice            #####...     4%          3
d - Summon Ice Beast      Ice/Summ       ####....     54%         4
p - Freeze                Ice            ####         1%          1

Your spell library contained the following spells:

 Spells                   Type           Power        Failure   Level
 Ensorcelled Hibernation  Hex/Ice        ####..       19%         2
 Summon Small Mammal      Summ           ###.         26%         1
 Call Imp                 Summ           ###.....     38%         2
 Call Canine Familiar     Summ           ###.....     63%         3
 Animate Skeleton         Necr           #.....       67%         1
 Corona                   Hex            #......      67%         1
 Pain                     Necr           #...         67%         1
 Hailstorm                Conj/Ice       ####....     75%         4
 Summon Guardian Golem    Hex/Summ       ##......     83%         3
 Confusing Touch          Hex            #.......     95%         3
 Dazzling Flash           Conj/Hex       #.....       95%         3
 Gell's Gravitas          Tloc           #.........   95%         3
 Tukima's Dance           Hex            #.......     95%         3
 Vampiric Draining        Necr           #.........   95%         3
 Metabolic Englaciation   Hex/Ice        ####......   97%         5
 Summon Lightning Spire   Summ/Air       ##......     99%         4
 Animate Dead             Necr           #.........   100%        4
 Petrify                  Tmut/Erth      #.......     100%        4
 Agony                    Necr           #.......     100%        5
 Yara's Violent Unravell  Hex/Tmut       #.........   100%        5


Dungeon Overview and Level Annotations

Branches:
Dungeon (11/15)            Temple (0/1) D:7            Lair (0/6) D:10
Gauntlet (1/1)
    Orc: D:9-12

Altars:
Hepliaklqana
Kikubaaqudgha
Nemelex Xobeh
Okawaru
Ru

Shops:
D:4 (   D:10 *

Annotations:
D:6 1 runed translucent door, qdestroyer's ghost, amateur MiBe
D:7 1 runed translucent door Gauntlet 12 transporters, 16 runed translucent doors


Innate Abilities, Weirdness & Mutations

A weak demonic guardian rushes to your aid.
You are partially covered in sharp spines.
When seriously injured, your bleeding wounds create very thick armour. (AC +12)


Message History

Evoke which item? (* to show all) (? for menu, Esc to quit)
Aiming: Corrosive Bolt
Press: ? - help, Shift-Dir - straight line, f/p - minotaur
Aim: a minotaur, wielding a +3 glaive of venom, wearing a +0 plate armour and quivering 15 silver javelins (lightly wounded, covered in acid)
The bolt of acid hits the minotaur!
The minotaur is splashed with acid.
The minotaur seems to be corroded for longer.
The minotaur is heavily wounded.
The wall freezes the minotaur!
The minotaur hits you from afar with a +3 glaive of venom!
* * * LOW HITPOINT WARNING * * *
You are poisoned.
Evoke which item? (* to show all) (? for menu, Esc to quit)
Aiming: Corrosive Bolt
Press: ? - help, Shift-Dir - straight line, f/p - minotaur
Aim: a minotaur, wielding a +3 glaive of venom, wearing a +0 plate armour and quivering 15 silver javelins (heavily wounded, covered in acid)
The bolt of acid hits the minotaur.
The minotaur is splashed with acid!
The minotaur is severely wounded.
You feel sick.
The wall freezes the minotaur!
The minotaur hits you from afar with a +3 glaive of venom!!
You die...

######### #.......#
#.#####.# #.# ..#.# #.#
#H#.# #.# #.#.# #.# #@#.#
#.###5#.# #.....#.#
#######.# #.....# #.#####
#########.#########
#≈...............§# #
####8..©.©.©.©.©.©.§8####
### #


You could see a minotaur (corroded) and a friendly shadow imp (summoned).

Vanquished Creatures
  Gastronok (D:9)
  Erolcha (D:9)
  2 death scarabs (Gauntlet)
  Pikel (D:9)
  An eye of devastation (Gauntlet)
  A komodo dragon (D:10)
  A spectral black mamba (Gauntlet)
  3 yaks (D:9)
  A spectral komodo dragon (Gauntlet)
  A golden eye (Gauntlet)
  A water moccasin (D:9)
  A nameless horror (D:7)
  6 phantoms
  2 ice beasts (D:10)
  2 sky beasts
  4 orc warriors
  3 ogres
  4 centaurs
  3 lemures (D:9)
  A crocodile (D:10)
  2 big kobolds
  4 bullfrogs
  A water moccasin skeleton (D:4)
  8 killer bees
  7 wights
  2 howler monkeys (D:10)
  5 hounds
  3 jellies
  A bullfrog skeleton (D:8)
  4 orc priests
  Crazy Yiuf (D:2)
  2 centaur skeletons
  An orc wizard (D:10)
  4 iguanas
  Jessica (D:3)
  8 worker ants
  2 hound zombies
  A hound skeleton (D:4)
  A worker ant zombie (D:7)
  A howler monkey zombie (D:10)
  5 gnolls
  19 adders
  2 shadow imps (D:6)
  A white imp (D:7)
  3 ufetubi
  3 oozes
  2 adder zombies
  2 adder skeletons
  5 worms
  2 dart slugs
  5 leopard geckos
  29 orcs
  5 bats
  3 giant cockroaches
  10 hobgoblins
  4 jackals
  3 quokkas
  A ball python (D:7)
  5 frilled lizards
  8 goblins
  17 kobolds
  11 rats
244 creatures vanquished.

Vanquished Creatures (collateral kills)
  A two-headed ogre (D:10)
  An ugly thing (D:10)
  An oklob plant (Gauntlet)
  2 acid dragons (Gauntlet)
  A phantom (D:9)
  A centaur (D:7)
  2 ogres
  A bullfrog (D:8)
  A scorpion (D:9)
  2 wights
  A nameless horror (D:9)
  An orc wizard (D:11)
  An orc priest (D:8)
  A worker ant (D:11)
  2 adders
  A white imp (D:6)
  5 orcs
  A hobgoblin (D:3)
  A jackal (D:8)
  A rat (D:3)
28 creatures vanquished.

Vanquished Creatures (others)
  40 plants
  2 withered plants (D:6)
42 creatures vanquished.

Grand Total: 314 creatures vanquished

Notes
Turn   | Place    | Note
-------+----------+-------------------------------------------
     0 | D:1      | lunkers the Demonspawn Ice Elementalist began the quest for
                  | the Orb.
     0 | D:1      | Reached XP level 1. HP: 13/13 MP: 3/3
   255 | D:1      | Gained mutation: A weak demonic guardian rushes to your
                  | aid. [demonic ancestry]
   255 | D:1      | Reached XP level 2. HP: 6/19 MP: 0/5
  1009 | D:1      | Gained mutation: You are partially covered in sharp spines.
                  | [demonic ancestry]
  1009 | D:1      | Reached XP level 3. HP: 24/24 MP: 3/6
  1879 | D:2      | Gained mutation: When seriously injured, your bleeding
                  | wounds create armour. (AC +12) [demonic ancestry]
  1879 | D:2      | Reached XP level 4. HP: 30/30 MP: 6/8
  2012 | D:2      | Found a runed translucent door.
  2013 | D:2      | Noticed Crazy Yiuf
  2151 | D:2      | Found an iron altar of Okawaru.
  2169 | D:2      | Learned a level 3 spell: Frozen Ramparts
  2173 | D:2      | Learned a level 3 spell: Ozocubu's Armour
  2487 | D:2      | Killed Crazy Yiuf
  2487 | D:2      | Reached skill level 5 in Ice Magic
  2753 | D:3      | Reached XP level 5. HP: 35/35 MP: 5/9
  2991 | D:3      | Noticed Jessica
  2996 | D:3      | Killed Jessica
  3550 | D:3      | Reached XP level 6. HP: 41/41 MP: 7/11
  3950 | D:4      | Found Touxt's Weapon Emporium.
  4664 | D:4      | Gained mutation: When seriously injured, your bleeding
                  | wounds create thick armour. (AC +12) [demonic ancestry]
  4664 | D:4      | Reached XP level 7. HP: 40/46 MP: 10/13
  4872 | D:5      | Entered Level 5 of the Dungeon
  5532 | D:5      | Found a sacrificial altar of Ru.
  5532 | D:5      | Found a sparkling altar of Nemelex Xobeh.
  5916 | D:5      | Became a worshipper of Ru the Awakened
  6139 | D:6      | Found a runed translucent door.
  6140 | D:6      | Noticed qdestroyer's ghost (amateur MiBe)
  6155 | D:6      | Learned a level 4 spell: Summon Ice Beast
  6190 | D:6      | Reached skill level 5 in Spellcasting
  6301 | D:6      | Reached XP level 8. HP: 52/52 MP: 15/15
  6792 | D:7      | Noticed a nameless horror
  6794 | D:7      | Killed a nameless horror
  7054 | D:7      | Identified the +2 falchion of the Desert {vorpal, Fragile
                  | rElec rC- Int+10}
  7090 | D:7      | Found a staircase to the Ecumenical Temple.
  7179 | D:7      | Found a hazy altar of Hepliaklqana.
  7407 | D:7      | Found a runed translucent door.
  7407 | D:7      | Noticed a sixfirhy
  7623 | D:7      | Reached XP level 9. HP: 49/57 MP: 12/18
  8792 | D:8      | Reached skill level 1 in Fighting
  8792 | D:8      | Reached skill level 1 in Summonings
  8792 | D:8      | Reached skill level 10 in Ice Magic
  9121 | D:9      | Noticed Erolcha
  9134 | D:9      | Killed Erolcha
  9207 | D:9      | Noticed Gastronok
  9357 | D:9      | Reached skill level 5 in Fighting
  9471 | D:9      | Killed Gastronok
  9471 | D:9      | Reached XP level 10. HP: 77/80 MP: 10/20
  9845 | D:9      | Found an ancient bone altar of Kikubaaqudgha.
 10043 | D:9      | Noticed Pikel
 10054 | D:9      | Killed Pikel
 10222 | D:10     | Entered Level 10 of the Dungeon
 10249 | D:10     | Reached skill level 10 in Fighting
 10773 | D:10     | Reached skill level 1 in Axes
 10815 | D:10     | Noticed a white ugly thing
 10907 | D:10     | Killed a white ugly thing
 11080 | D:10     | Found Idgher Kene's Assorted Antiques.
 11380 | D:10     | Gained mutation: When seriously injured, your bleeding
                  | wounds create very thick armour. (AC +12) [demonic
                  | ancestry]
 11380 | D:10     | Reached XP level 11. HP: 90/90 MP: 15/21
 11419 | D:10     | Noticed a two-headed ogre
 11424 | D:10     | Killed a two-headed ogre
 11424 | D:10     | Reached skill level 5 in Axes
 11594 | D:10     | Found a staircase to the Lair.
 11771 | D:11     | Found a gate leading to a gauntlet.
 11804 | Gauntlet | Entered a Gauntlet
 11804 | Gauntlet | Found a transporter.
 11804 | Gauntlet | Found a large runed translucent door.
 11804 | Gauntlet | Found a large runed translucent door.
 11804 | Gauntlet | Found a large runed translucent door.
 11804 | Gauntlet | Found a large runed translucent door.
 11804 | Gauntlet | Found a runed translucent door.
 11804 | Gauntlet | Found a runed translucent door.
 11804 | Gauntlet | Found a large runed translucent door.
 11804 | Gauntlet | Found a large runed translucent door.
 11804 | Gauntlet | Found a large runed translucent door.
 11804 | Gauntlet | Found a large runed translucent door.
 11804 | Gauntlet | Found a large runed translucent door.
 11804 | Gauntlet | Found a large runed translucent door.
 11805 | Gauntlet | Found a large runed translucent door.
 11805 | Gauntlet | Found a large runed translucent door.
 11806 | Gauntlet | Found a large runed translucent door.
 11806 | Gauntlet | Found a large runed translucent door.
 11806 | Gauntlet | Found a large runed translucent door.
 11806 | Gauntlet | Found a large runed translucent door.
 11819 | Gauntlet | Found a transporter.
 11830 | Gauntlet | Found a transporter.
 11835 | Gauntlet | Noticed a death scarab
 11836 | Gauntlet | Found a transporter.
 11846 | Gauntlet | Noticed a death scarab
 11851 | Gauntlet | Found a transporter.
 11870 | Gauntlet | Found a transporter.
 11878 | Gauntlet | Noticed a large abomination
 11882 | Gauntlet | Found a transporter.
 11892 | Gauntlet | Noticed a death scarab
 11894 | Gauntlet | Found a transporter.
 11897 | Gauntlet | Noticed a death scarab
 11906 | Gauntlet | Found a transporter.
 11910 | Gauntlet | Noticed a satyr
 11916 | Gauntlet | Noticed a queen ant
 11916 | Gauntlet | a satyr changed into a queen ant
 11917 | Gauntlet | Noticed a spark wasp
 11917 | Gauntlet | a queen ant changed into a spark wasp
 11918 | Gauntlet | Found a transporter.
 11918 | Gauntlet | Noticed a wolf spider
 11918 | Gauntlet | a spark wasp changed into a wolf spider
 11922 | Gauntlet | Noticed a spark wasp
 11922 | Gauntlet | a wolf spider changed into a spark wasp
 11934 | Gauntlet | Noticed a green death
 11935 | Gauntlet | Found a transporter.
 11953 | Gauntlet | Found a transporter.
 11955 | Gauntlet | Found a transporter.
 11957 | Gauntlet | Noticed a soul eater
 11999 | Gauntlet | Noticed an oklob plant
 11999 | Gauntlet | Found a runed translucent gate.
 11999 | Gauntlet | Found a runed translucent gate.
 11999 | Gauntlet | Found a runed translucent gate.
 12001 | Gauntlet | Found a transporter.
 12045 | Gauntlet | Found a transporter.
 12045 | Gauntlet | Found a transporter.
 12049 | Gauntlet | Found a transporter.
 12106 | Gauntlet | Killed an oklob plant
 12126 | Gauntlet | Found a transporter.
 12133 | Gauntlet | Noticed a two-headed ogre
 12280 | Gauntlet | Killed a death scarab
 12283 | Gauntlet | Killed a death scarab
 12293 | Gauntlet | Got a translucent lapis lazuli ring
 12305 | Gauntlet | Identified the ring of Spring {Dex+6 SInv} (You found it in
                  | a Gauntlet)
 12415 | Gauntlet | Noticed a minotaur
 12422 | Gauntlet | Mangled by a minotaur

Illustrated notes

Levels and vault maps discovered:
D:1:      eino_arrival_cavern_a, layout_basic
D:2:      layout_loops_cross, minivault_14, minmay_misc_feat_doors,
          okawaru_altar_gauntlet_db, uniq_crazy_yiuf_cottage
D:3:      layout_basic, uniq_jessica
D:4:      layout_basic, serial_shops, shop, serial_curves, eino_curves_04,
          eino_curves_03, eino_curves_04
D:5:      layout_basic, gammafunk_temple_overflow_elements
D:6:      layout_rooms, gammafunk_ghost_grave
D:7:      cheibrodos_shockbox, layout_basic, lemuel_round_altar,
          minmay_temple_entry_statues, enter_ossuary_2
D:8:      layout_gridville
D:9:      layout_basic, lemuel_crystal_altar, serial_glass, glass_columns_b,
          glass_columns_c, glass_columns_c, glass_columns_a, glass_columns_a,
          glass_columns_c, uniq_erolcha, uniq_pikel, uniq_gastronok
D:10:     layout_basic, david_lair_shrubbed, serial_shops, shop,
          kennysheep_kite_vault
D:11:     minmay_polygon_palace, layout_long_grid, david_orc_2,
          gauntlet_entry_generic
Gauntlet: gammafunk_gauntlet_one_two_three
          [minmay_gauntlet_arena_make_your_own_arena,
          gammafunk_gauntlet_arena_open, gammafunk_gauntlet_arena_arrow_garden,
          nicolae_gauntlet_swirl, gammafunk_gauntlet_arena_grid,
          nicolae_gauntlet_arena_flowing_pool, nicolae_gauntlet_arena_quarters,
          nicolae_gauntlet_arena_x, nicolae_gauntlet_arena_grate_2,
          gauntlet_exit_spiral]

Skill      XL: |  1  2  3  4  5  6  7  8  9 10 11 |
---------------+----------------------------------+-----
Ice Magic      | 4 5 6 7 9 10 | 10.0
Spellcasting   | 3 4 5 6 7 |  7.0
Fighting       | 7 10 | 10.0
Summonings     | 3 |  3.0
Axes           | 4 7 |  7.5
Dodging        | |  1.7
Stealth        | |  1.7

Action                   |  1- 3 |  4- 6 |  7- 9 | 10-12 || total
-------------------------+-------+-------+-------+-------++-------
Melee: Unarmed           |     4 |       |       |       ||     4
       Quarterstaff      |       |    26 |   126 |    27 ||   179
       War axe           |       |       |       |    71 ||    71
 Cast: Freeze            |    61 |    73 |    58 |    27 ||   219
       Frozen Ramparts   |       |     6 |    23 |    12 ||    41
       Summon Ice Beast  |       |       |    14 |    18 ||    32
       Ozocubu's Armour  |       |       |     1 |     4 ||     5
Invok: Reject Sacrifices |       |       |     1 |       ||     1
Evoke: Wand              |       |       |       |     8 ||     8
  Use: Scroll            |       |       |     9 |       ||     9
 Stab: Sleeping          |       |     1 |     1 |     1 ||     3
       Petrified         |       |       |     6 |       ||     6
       Petrifying        |       |       |     1 |       ||     1
       Distracted        |       |       |       |     3 ||     3
Armor: Robe              |    13 |    15 |    17 |       ||    45
       Leather armour    |       |       |    46 |    72 ||   118
Dodge: Dodged            |    28 |    44 |   107 |    92 ||   271

Table legend: (Time is in decaauts)
 A = Elapsed time spent in this place.
 B = Non-inter-level travel time spent in this place.
 C = Inter-level travel time spent in this place.
 D = Time resting spent in this place.
 E = Time spent auto-exploring this place.
 F = Levels seen in this place.
 G = Mean time per level.
                   A        B        C        D        E       F      G
               +--------+--------+--------+--------+--------+-----+--------+
         Total |  12517 |  11412 |   1105 |    172 |   8819 |  12 | 1043.1 |
       Dungeon |  11886 |  10781 |   1105 |     21 |   8743 |  11 | 1080.5 |
      Gauntlet |    631 |    631 |      0 |    151 |     76 |   1 |  631.0 |
               +--------+--------+--------+--------+--------+-----+--------+

Top non-repeatable levels by time:
     D:7: 1598 daAuts
     D:2: 1527 daAuts
     D:3: 1323 daAuts
     D:1: 1198 daAuts
     D:5: 1152 daAuts
     D:8: 1133 daAuts
     D:9: 1120 daAuts
    D:10: 1100 daAuts
     D:4: 1015 daAuts
     D:6: 661 daAuts
Gauntlet: 631 daAuts
    D:11: 55 daAuts
